 Dungeon Crawl Stone Soup version 0.32-a0-876-gcfddb08e57 (webtiles) character file.

Game seed: 14933696501055635377

287146 WoollyButcher the Warrior (level 20, -19/160 (170) HPs)
             Began as a Coglin Monk on Mar 31, 2024.
             Was the Champion of Okawaru.
             Killed from afar by a deep elf annihilator (52 damage)
             ... with a crystal spear
             ... on level 3 of the Elven Halls.
             The game lasted 01:13:36 (45320 turns).

WoollyButcher the Warrior (Coglin Monk)            Turns: 45320, Time: 01:13:37

HP:   -19/160 (170) AC: 20    Str: 13    XL:     20   Next: 66%
MP:   29/29         EV: 24    Int: 11    God:    Okawaru [******]
Gold: 1750          SH:  0    Dex: 28    Spells: 19/19 levels left

rFire   + + +        w - +4 scimitar (flame) {Tochtli}
rCold   + + +        V - +9 demon blade (vamp) {Hwan}
rNeg    . . .        g - +4 swamp dragon scales
rPois   +            X - +0 helmet of the Gate {rElec Dex+2}
rElec   +            o - scarf {rC+ rF+}
rCorr   +            U - +4 pair of gloves of the Skies Above {*Slow rC++ Dex+3 SInv}
SInv    +            t - +0 pair of boots {Stlth+}
Will    +....        (amulet unavailable)
Stlth   +++          (ring unavailable)
HPRegen 0.46/turn    (ring unavailable)
MPRegen 0.21/turn    u - recursive actuator {Gadgeteer, rF+ rC+}

%: slow self (1%)
@: about to teleport, resistant, studying Short Blades, drained, revved
A: off-hand wielding, slow wielding, warmup strikes, no jewellery
}: 2/15 runes: decaying, serpentine
a: Renounce Religion, Heroism, Finesse, Duel


You were on level 3 of the Elven Halls.
You worshipped Okawaru.
Okawaru was exalted by your worship.
You visited 7 branches of the dungeon, and saw 33 of its levels.
You also visited: Desolation.

You collected 3260 gold pieces.
You spent 1510 gold pieces at shops.

Inventory:

Hand Weapons
 w - a +4 scimitar of flaming (weapon) {Tochtli}
 A - the +5 shortbow of Duty {freeze, rF- Will+ Str+3 Int+3}
   (You found it in the Desolation of Salt)

   Str+3:     It affects your strength (+3).
   Int+3:     It affects your intelligence (+3).
   rF-:       It makes you vulnerable to fire.
   Will+:     It increases your willpower.
 S - the +1 long sword of the First Knaves {freeze, rPois Int-4 SInv}
   (You bought it in a shop on level 1 of the Elven Halls)

   Int-4:     It affects your intelligence (-4).
   rPois:     It protects you from poison.
   SInv:      It lets you see invisible.
 V - a +9 vampiric demon blade (offhand) {Hwan}
Missiles
 z - 4 boomerangs (quivered)
Armour
 g - +4 swamp dragon scales (worn)
 o - a scarf of resistance (worn)
 q - the +4 ring mail "Goafueh" {Str-2 Dex+5}
   (You took it off a servant of whispers in the Desolation of Salt)

   Str-2:     It affects your strength (-2).
   Dex+5:     It affects your dexterity (+5).
 t - a +0 pair of boots of stealth (worn)
 U - the +4 pair of gloves of the Skies Above (worn) {*Slow rC++ Dex+3 SInv}
   (Okawaru gifted it to you on level 2 of the Lair of Beasts)

   Dex+3:     It affects your dexterity (+3).
   rC++:      It greatly protects you from cold.
   SInv:      It lets you see invisible.
   *Slow:     It may slow you when you take damage.
 X - the +0 helmet of the Gate (worn) {rElec Dex+2}
   (You found it on level 13 of the Dungeon)

   Dex+2:     It affects your dexterity (+2).
   rElec:     It insulates you from electricity.
 Y - a +0 tower shield of reflection
Magical Staves
 H - a staff of alchemy {!a}
Gizmo
 u - a recursive actuator (installed) {Gadgeteer, rF+ rC+}
   (You invented it yourself on level 1 of the Orcish Mines)

   [recursive actuator]

   Gadgeteer: Your evocable items recharge 30% faster and wands have a 30%
   chance to not spend a charge.
   rF+:       It protects you from fire.
   rC+:       It protects you from cold.
Talismans
 c - a granite talisman
Wands
 f - a wand of flame (23)
 p - a wand of quicksilver (5)
 v - a wand of mindburst (21)
 C - a wand of warping (10)
 D - a wand of digging (14)
 E - a wand of polymorph (27)
Scrolls
 d - 14 scrolls of identify {@r1}
 i - 2 scrolls of fog
 j - 2 scrolls of torment {!r}
 l - 6 scrolls of amnesia
 x - 5 scrolls of brand weapon
 y - 5 scrolls of teleportation {@r4}
 G - 3 scrolls of vulnerability {!r!r}
 K - 8 scrolls of immolation {!r!r}
 L - 3 scrolls of blinking {!r}
 M - 2 scrolls of poison {!r}
 N - 2 scrolls of fear
 P - a scroll of revelation
 Q - 3 scrolls of silence {!r!r}
 Z - 4 scrolls of enchant weapon
Potions
 a - a potion of might
 b - 3 potions of brilliance
 h - 2 potions of invisibility
 k - 2 potions of berserk rage {!q}
 m - 4 potions of curing {@q1}
 n - 9 potions of attraction {!q}
 r - 4 potions of mutation {!q}
 B - a potion of magic
 F - 3 potions of enlightenment
 J - 8 potions of lignification {!q}
 O - a potion of haste {@q3}
 T - 3 potions of cancellation
Miscellaneous
 e - a phial of floods


   Skills:
 - Level 18.0 Fighting
 - Level 16.0 Long Blades
 - Level 5.0 Armour
 - Level 16.2 Dodging
 - Level 12.0 Invocations
 + Level 15.3 Shapeshifting


You had 19 spell levels left.
You didn't know any spells.
Your spell library contained the following spells:

 Spells                   Type           Power      Damage    Failure   Level
 Apportation              Tloc           0%         N/A       56%         1
 Freeze                   Ice            0%         1d3       56%         1
 Kiss of Death            Conj/Necr      0%         2d5       56%         1
 Magic Dart               Conj           0%         1d3       56%         1
 Blink                    Tloc           0%         N/A       71%         2
 Cigotuvi's Dreadful Rot  Necr/Alch/Air  0%         N/A       71%         2
 Jinxbite                 Hex            0%         N/A       71%         2
 Sublimation of Blood     Necr           0%         N/A       71%         2
 Confusing Touch          Hex            0%         N/A       91%         3
 Inner Flame              Hex/Fire       0%         N/A       91%         3
 Mephitic Cloud           Conj/Alch/Air  0%         N/A       91%         3
 Sigil of Binding         Hex            0%         N/A       91%         3
 Teleport Other           Tloc           0%         N/A       91%         3
 Volatile Blastmotes      Fire/Tloc      0%         2d10      91%         3
 Anguish                  Hex/Necr       0%         N/A       100%        4
 Brom's Barrelling Bould  Conj/Erth      0%         2d3       100%        4
 Cause Fear               Hex            0%         N/A       100%        4
 Dimensional Bullseye     Hex/Tloc       0%         N/A       100%        4
 Dispel Undead            Necr           0%         3d6       100%        4
 Fulminant Prism          Conj/Alch      0%         3d5       100%        4
 Ignite Poison            Fire/Alch      0%         N/A       100%        4
 Iskenderun's Mystic Bla Conj/Tloc 0%             2d3        (+2d1     100%        4
 Passage of Golubria      Tloc           0%         N/A       100%        4
 Petrify                  Alch/Erth      0%         N/A       100%        4
 Sticky Flame             Fire/Alch      0%         2d4       100%        4
 Vhi's Electric Charge    Tloc/Air       0%         N/A       100%        4
 Alistair's Intoxication  Alch           0%         N/A       100%        5
 Arcjolt                  Conj/Air       0%         1d10      100%        5
 Borgnjor's Vile Clutch   Necr/Erth      0%         N/A       100%        5
 Fireball                 Conj/Fire      0%         3d3       100%        5
 Freezing Cloud           Conj/Ice/Air   0%         6-21      100%        5
 Irradiate                Conj/Alch      0%         3d11      100%        5
 Iskenderun's Battlesphe  Conj           0%         2d6       100%        5
 Metabolic Englaciation   Hex/Ice        0%         N/A       100%        5
 Silence                  Hex/Air        0%         N/A       100%        5
 Yara's Violent Unravell  Hex/Alch       0%         3d3       100%        5
 Conjure Ball Lightning   Conj/Air       0%         3x3d6     100%        6
 Permafrost Eruption      Ice/Erth       0%         2x4d1     100%        6
 Enfeeble                 Hex            0%         N/A       100%        7
 Orb of Destruction       Conj           0%         9d5       100%        7
 Ignition                 Fire           0%         3d3       100%        8
 Lehudib's Crystal Spear  Conj/Erth      0%         10d2      100%        8
 Polar Vortex             Ice            0%         N/A       100%        9
 Call Imp                 Summ           Unusable   N/A       N/A         2
 Tukima's Dance           Hex            Unusable   N/A       N/A         3
 Animate Dead             Necr           Unusable   N/A       N/A         4
 Martyr's Knell           Necr/Summ      Unusable   N/A       N/A         4
 Summon Blazeheart Golem  Fire/Summ      Unusable   N/A       N/A         4
 Summon Lightning Spire   Summ/Air       Unusable   N/A       N/A         4
 Summon Mana Viper        Hex/Summ       Unusable   N/A       N/A         5
 Death Channel            Necr           Unusable   N/A       N/A         6
 Sculpt Simulacrum        Ice/Alch       Unusable   N/A       N/A         6
 Malign Gateway           Summ/Tloc      Unusable   N/A       N/A         7

Dungeon Overview and Level Annotations

Branches:
Dungeon (15/15)            Temple (1/1) D:5            Lair (4/5) D:9
  Swamp (4/4) Lair:3        Snake (4/4) Lair:2          Orc (2/2) D:10
    Elf (3/3) Orc:2        Vaults (0/5) D:13         Depths (0/4) D:15
Desolation (visited)
  Slime: Lair:4-5

Altars:
Ashenzari
Cheibriados
Dithmenos
Elyvilon
Fedhas
Gozag
Hepliaklqana
Kikubaaqudgha
Makhleb
Nemelex Xobeh
Okawaru
Qazlal
Ru
Sif Muna
Trog
Uskayaw
Vehumet
Wu Jian
Xom
Yredelemnul
Zin
The Shining One
Beogh

Shops:
D:14 ?   Orc:2 (*=*   Elf:1 ((   Snake:1 *?   Snake:2 =   Snake:3 *:

Portals:
Pandemonium: Orc:2


Innate Abilities, Weirdness & Mutations

You can wield a second weapon in your off-hand.
It takes a long time for you to wield or remove held weapons.
Your first few attacks do less damage.
You cannot equip rings or amulets.


Message History

You barely miss the deep elf death mage with your +4 scimitar of flaming.
Unknown command.
You slice the deep elf death mage with your +9 vampiric demon blade!!
You barely miss the deep elf death mage with your +4 scimitar of flaming.
The deep elf annihilator casts a spell at you.
The crystal spear hits you!!!
* * * LOW HITPOINT WARNING * * *
The deep elf death mage hits you with a +0 long sword.
* * * LOW HITPOINT WARNING * * *
Unknown command.
You slash the deep elf death mage with your +9 vampiric demon blade!
You feel better.
You closely miss the deep elf death mage with your +4 scimitar of flaming.
The deep elf death mage completely misses you.
The deep elf annihilator casts a spell at you.
The crystal spear misses you.
The deep elf death mage completely misses you.
You feel much better.
The deep elf death mage hits you but does no damage.
The deep elf annihilator casts a spell at you.
The iron shot hits you!!
* * * LOW HITPOINT WARNING * * *
The deep elf death mage casts a spell at you.
The bolt of negative energy misses you.
Unknown command.
You completely miss the deep elf death mage with your +9 vampiric demon blade.
You slice the deep elf death mage with your +4 scimitar of flaming!!
You burn the deep elf death mage.
The lost soul assumes the form of the deep elf death mage and becomes anchored to this world!
Unknown command.
You slash the ghostly deep elf death mage with your +9 vampiric demon blade!
You slash the ghostly deep elf death mage with your +4 scimitar of flaming!
You burn the ghostly deep elf death mage.
The deep elf death mage casts a spell at you.
The bolt of negative energy hits you!!
You feel drained.
* * * LOW HITPOINT WARNING * * *
The ghostly deep elf death mage closely misses you.
As you read the scroll of teleportation {@r4}, it crumbles to dust.
You feel strangely unstable.
The deep elf death mage hits you with a +0 rapier.
* * * LOW HITPOINT WARNING * * *
The deep elf annihilator closely misses you.
The ghostly deep elf death mage hits you with a +0 long sword.
* * * LOW HITPOINT WARNING * * *
You feel better.
The deep elf death mage completely misses you.
The deep elf annihilator points at you and mumbles some strange words.
The crystal spear hits you!!!
You die...

##e,,,**,,,,,,,,,,,*.ß.#...#..#≈~
eeee..#,,,,,,,ßß,,*#...#...#..#≈≈
##eE.##,,,ß,,,ß,,,*....###'#..#≈~
#**e##,,,ß,,ßß,,,*#....#...'..#≈≈
##*'#,,,,ß,,ß,,,,*....##...#..#≈≈
###,,,,ßß,,,,,,,##.*..##...#..#≈~
###,,,,ß,,,,,,,##**ß*.##...#..#≈~
###,,,,,,,,,,###eeßß..##...#^.#≈~
ß***,,,,,,,###..@ßß*.###...#..#≈~
*******+***#....eß...# #...#..#≈~
****,,,,,........)..## #^..#..#≈≈
**ß*,,,ß,ß.ß......### #...#,,#≈~
****,,,,,.....##### #...#,,#≈~
*********#####* *,,,+,,#≈≈
*******###


You could see a deep elf death mage (empowered), a ghostly deep elf death mage
(empowered), a deep elf annihilator (empowered) and 5 lost souls.

Vanquished Creatures
  Nikola (Snake:4)
  2 tentacled monstrosities (Swamp:4)
  Mlioglotl (Swamp:2)
  The ghost of Zoigrime the Blocker, an adept FoFi of Jiyva (Swamp:3)
  The ghost of Zonian the Severer, an adept HOFi of Beogh (Snake:4)
  Frances (Swamp:1)
  A tengu reaver (D:15)
  Roxanne (Snake:4)
  4 nagarajas
  Aizul (Snake:3)
  3 deep elf sorcerers
  A fire giant (D:13)
  2 imperial myrmidons (Desolation)
  2 very ugly things (Swamp:4)
  A deep elf demonologist (Elf:3)
  4 eleionomae
  5 bunyips
  2 deep elf death magi (Elf:3)
  4 deep elf annihilators (Elf:3)
  A halazid warlock (Arena)
  Snorg (Orc:1)
  3 crystal guardians (Desolation)
  2 green deaths (Swamp:4)
  11 ragged hierophants (Desolation)
  2 deep elf high priests (Elf:3)
  13 servants of whispers (Desolation)
  3 ghost crabs
  8 peacekeepers (Desolation)
  16 hydras
  4 salamander tyrants
  A shambling mangrove (Swamp:3)
  A death knight (D:13)
  6 centaur warriors
  8 anacondas
  4 alligators
  7 boulder beetles
  35 dancing weapons
  2 demonspawn (Orc:2)
  A tengu warrior (D:13)
  A deep troll earth mage (D:15)
  6 two-headed ogres
  13 naga sharpshooters
  7 shock serpents
  An occultist (D:13)
  6 naga warriors
  7 orc high priests
  10 spriggans
  15 deep elf knights
  A sixfirhy (Orc:2)
  A skeletal warrior (D:10)
  4 salamander mystics
  6 spriggan druids
  4 goliath frogs
  12 bog bodies
  14 naga ritualists
  A lindwurm (Lair:4)
  14 swamp dragons
  12 mana vipers
  2 arcanists
  2 ironbound convokers (Desolation)
  6 orc knights
  2 thermic dynamos (Elf:3)
  9 deep elf archers
  Pikel (D:8)
  An oklob plant (Lair:3)
  19 deep elf zephyrmancers
  20 deep elf pyromancers
  12 ugly things
  6 orc sorcerers (Orc:2)
  9 cyclopes
  5 will-o-the-wisps
  Maurice (D:12)
  3 elephants (Lair:1)
  A salamander (shapeshifter) (D:13)
  3 kobold blastminers (Orc:2)
  17 salamanders
  6 manticores
  3 meliai (D:13)
  3 molten gargoyles (Desolation)
  2 torpor snails (Lair:4)
  10 naga magi
  2 large abominations (Swamp:4)
  A rust devil (Orc:2)
  38 black mambas
  8 guardian serpents
  5 gargoyles
  4 unseen horrors
  4 cane toads
  A yaktaur (D:15)
  2 rime drakes (Lair:3)
  3 orange demons (Swamp:4)
  5 komodo dragons
  3 kobold demonologists
  4 efreet
  A freezing wraith (D:13)
  5 tengu conjurers (D:15)
  A red devil (Orc:1)
  A wind drake (D:15)
  2 queen bees (shapeshifter) (D:15)
  76 saltlings (Desolation)
  8 trolls
  A raiju (shapeshifter) (D:13)
  13 hornets
  6 polar bears
  19 blink frogs
  10 dream sheep (Lair:4)
  4 tyrant leeches
  3 air elementals
  Sigmund (D:3)
  20 slime creatures
  3 wraiths
  5 wyverns
  2 water elementals
  4 shadows
  A fire elemental (Elf:2)
  A vampire (D:13)
  2 wargs (Orc:1)
  30 yaks
  A neqoxec (Orc:2)
  5 basilisks
  5 steam dragons
  7 redbacks (D:15)
  20 vampire mosquitoes
  45 nagas
  19 swamp worms
  A small abomination (Swamp:4)
  13 water moccasins
  3 acid dragons
  4 swamp drakes
  A meliai simulacrum (D:14)
  2 sky beasts (D:15)
  A black bear (Lair:2)
  An ogre (shapeshifter) (D:15)
  An ice beast (D:8)
  32 orc warriors
  4 laughing skulls
  5 ogres
  17 wolves
  7 centaurs
  A phantom (D:6)
  3 lemures (D:8)
  7 bullfrogs
  6 kobold brigands
  3 gnoll sergeants
  3 scorpions
  An earth elemental (Elf:3)
  8 wights
  6 killer bees (D:8)
  6 howler monkeys
  5 electric eels
  A bombardier beetle (D:5)
  3 jellies
  3 hounds
  28 orc priests
  Crazy Yiuf (D:4)
  4 iguanas
  16 orc wizards
  Natasha (thrice) (D:2)
  A boggart simulacrum (D:13)
  14 gnolls
  4 adders
  3 white imps
  8 ufetubi
  A ribbon worm (D:2)
  4 dart slugs
  66 orcs
  3 bats
  4 endoplasms
  3 giant cockroaches
  8 goblins
  10 hobgoblins
  9 jackals
  3 quokkas
  5 ball pythons
  2 frilled lizards
  31 kobolds
  8 rats
  A butterfly (D:10)
1234 creatures vanquished.

Vanquished Creatures (collateral kills)
  2 orcs (D:4)
  A goblin (D:4)
3 creatures vanquished.

Vanquished Creatures (others)
  A ragged hierophant (Desolation)
  An orc high priest (Orc:2)
  A deep elf knight (Elf:1)
  2 deep elf zephyrmancers (Elf:2)
  A hornet (Swamp:3)
  A saltling (Desolation)
  A spriggan (Swamp:3)
  A howler monkey (D:9)
  An orc priest (Orc:2)
  A white imp (D:7)
  2 orcs
  22 foxfires
35 creatures vanquished.

Grand Total: 1272 creatures vanquished

Notes
Turn   | Place    | Note
-------+----------+-------------------------------------------
     0 | D:1      | WoollyButcher the Coglin Monk began the quest for the Orb.
     0 | D:1      | Reached XP level 1. HP: 18/18 MP: 1/1
    82 | D:1      | Reached XP level 2. HP: 5/24 MP: 2/2
   754 | D:2      | Noticed Natasha
   759 | D:2      | Reached XP level 3. HP: 27/29 MP: 3/3
   764 | D:2      | Killed Natasha
   765 | D:2      | Reached skill level 3 in Dodging
   830 | D:2      | Reached XP level 4. HP: 35/35 MP: 4/4
   988 | D:2      | Noticed Natasha
   992 | D:2      | Killed Natasha
  1385 | D:2      | Noticed Natasha
  1393 | D:2      | Killed Natasha
  1394 | D:2      | Reached XP level 5. HP: 38/42 MP: 5/5
  1493 | D:3      | Noticed an ogre
  1632 | D:4      | Reached skill level 4 in Fighting
  1830 | D:4      | Reached XP level 6. HP: 35/48 MP: 6/6
  2158 | D:3      | Noticed Sigmund
  2252 | D:3      | Killed Sigmund
  2253 | D:3      | Reached XP level 7. HP: 29/55 MP: 7/7
  2374 | D:3      | Reached skill level 6 in Long Blades
  2764 | D:4      | Found a hide-covered altar of Uskayaw.
  3112 | D:4      | Reached skill level 5 in Fighting
  3114 | D:4      | Found a burning altar of Makhleb.
  3257 | D:4      | Found a runed translucent door.
  3258 | D:4      | Noticed Crazy Yiuf
  3539 | D:5      | Entered Level 5 of the Dungeon
  3748 | D:5      | Reached XP level 8. HP: 62/62 MP: 8/8
  4108 | D:5      | Found a sparkling altar of Nemelex Xobeh.
  4202 | D:5      | Identified the +0 leather armour "Nout" {*Slow rElec Dex+3}
  4212 | D:5      | Found a broken altar of Ashenzari.
  4213 | D:5      | Found a hazy altar of Hepliaklqana.
  4218 | D:5      | Found a basalt altar of Yredelemnul.
  4246 | D:5      | Found a shimmering blue altar of Sif Muna.
  4308 | D:5      | Found a staircase to the Ecumenical Temple.
  4317 | Temple   | Entered the Ecumenical Temple
  4329 | Temple   | Became a worshipper of Warmaster Okawaru
  4329 | Temple   | Reached * piety under Okawaru
  4329 | Temple   | Reached ** piety under Okawaru
  4706 | D:5      | Identified a scroll of acquirement
  4706 | D:5      | Acquired a +2 vampiric eveningstar
  5123 | D:6      | Reached skill level 1 in Invocations
  5263 | D:6      | Reached skill level 6 in Fighting
  5290 | D:6      | Found a shadowy altar of Dithmenos.
  5450 | D:6      | Identified the +7 chain mail of Ibehauqe {Harm rC+ Dex+2}
  5826 | D:7      | Reached XP level 9. HP: 40/69 MP: 10/10
  6052 | D:7      | Reached *** piety under Okawaru
  6313 | D:7      | Found a bloodstained altar of Trog.
  6556 | D:7      | Reached skill level 6 in Dodging
  6615 | D:8      | Noticed a two-headed ogre
  6668 | D:8      | Got the Almanac of Bleak Apparitions
  6683 | D:8      | Reached skill level 9 in Long Blades
  6710 | D:8      | Noticed Pikel
  6731 | D:8      | Killed Pikel
  6732 | D:8      | Reached skill level 3 in Invocations
  6847 | D:8      | Identified the +1 sling "Tyzoew" {heavy, rF++ Int-3 Dex-5
                  | Stlth+}
  6922 | D:8      | Reached skill level 7 in Fighting
  6970 | D:8      | Reached **** piety under Okawaru
  7238 | D:8      | Reached XP level 10. HP: 55/79 MP: 12/12
  7313 | D:8      | Found a shimmering altar of Xom.
  7808 | D:8      | Got the Folio of Spellbinding
  8261 | D:9      | Paralysed by a hornet for 1 turns
  8414 | D:9      | Found a staircase to the Lair.
  9285 | D:10     | Entered Level 10 of the Dungeon
  9498 | D:10     | Noticed a two-headed ogre
  9505 | D:10     | Killed a two-headed ogre
  9706 | D:10     | Noticed a gargoyle
  9719 | D:10     | Killed a gargoyle
  9720 | D:10     | Reached skill level 8 in Fighting
  9990 | D:10     | Reached ***** piety under Okawaru
 10015 | D:10     | Reached XP level 11. HP: 65/86 MP: 14/14
 10254 | D:10     | Found a staircase to the Orcish Mines.
 10465 | D:10     | Found a white marble altar of Elyvilon.
 10546 | D:10     | Noticed a skeletal warrior
 10836 | D:10     | Killed a skeletal warrior
 11327 | D:11     | Noticed a purple ugly thing
 11332 | D:11     | Killed a purple ugly thing
 11346 | D:11     | Reached skill level 12 in Long Blades
 11353 | D:11     | Noticed a two-headed ogre
 11577 | D:11     | Killed a two-headed ogre
 11577 | D:11     | Received a gift from Okawaru
 11710 | D:11     | Reached skill level 9 in Fighting
 11848 | D:11     | Identified the +4 orcbow of the Swamp {flame, Str+3 SInv}
 11909 | D:11     | Identified the +3 quarterstaff "Esef" {protect, rPois
                  | Stlth+}
 12443 | Lair:1   | Entered Level 1 of the Lair of Beasts
 12453 | Lair:1   | Received a gift from Okawaru
 12499 | Lair:1   | Reached skill level 6 in Invocations
 12501 | Lair:1   | Reached XP level 12. HP: 42/95 MP: 16/16
 13610 | Lair:1   | Reached ****** piety under Okawaru
 13623 | Lair:1   | Reached skill level 9 in Dodging
 13773 | Lair:2   | Received a gift from Okawaru
 14016 | Lair:2   | Noticed a seven-headed hydra
 14039 | Lair:2   | Killed a seven-headed hydra
 14040 | Lair:2   | Reached skill level 10 in Fighting
 15243 | Lair:2   | Found a staircase to the Snake Pit.
 15357 | Lair:2   | Acquired the +4 pair of gloves of the Skies Above {*Slow
                  | rC++ Dex+3 SInv}
 15357 | Lair:2   | Received a gift from Okawaru
 15369 | Lair:2   | Acquired a +4 vampiric demon blade
 15369 | Lair:2   | Received a gift from Okawaru
 15406 | Lair:3   | Received a gift from Okawaru
 15571 | Lair:3   | Reached XP level 13. HP: 104/104 MP: 18/18
 15993 | Lair:3   | Found a staircase to the Swamp.
 16762 | Lair:4   | Received a gift from Okawaru
 16958 | Lair:4   | Reached skill level 11 in Fighting
 17219 | Lair:4   | Reached skill level 15 in Long Blades
 17499 | Lair:4   | Received a gift from Okawaru
 17663 | Orc:1    | Entered Level 1 of the Orcish Mines
 17948 | Orc:1    | Found a roughly hewn altar of Beogh.
 18151 | Orc:1    | Noticed Snorg
 18161 | Orc:1    | Killed Snorg
 18234 | Orc:1    | Found a roughly hewn altar of Beogh.
 18284 | Orc:2    | Entered Level 2 of the Orcish Mines
 18340 | Orc:2    | Found a staircase to the Elven Halls.
 18389 | Orc:2    | Found a roughly hewn altar of Beogh.
 18438 | Orc:2    | Found Coqiep's General Store.
 18458 | Orc:2    | Found Neull's General Store.
 18468 | Orc:2    | Reached XP level 14. HP: 113/113 MP: 20/20
 18748 | Orc:1    | Received a gift from Okawaru
 19127 | Orc:2    | Bought a potion of heal wounds for 65 gold pieces
 19129 | Orc:2    | Bought a potion of berserk rage for 80 gold pieces
 19129 | Orc:2    | Bought a potion of might for 64 gold pieces
 19129 | Orc:2    | Bought a scroll of identify for 32 gold pieces
 19735 | Orc:2    | Reached skill level 12 in Fighting
 19757 | Orc:2    | Received a gift from Okawaru
 19758 | Orc:2    | Reached skill level 9 in Invocations
 19950 | Orc:2    | Found Eghur's Antique Weapon Shoppe.
 19950 | Orc:2    | Found Dyos's Jewellery Emporium.
 19951 | Orc:2    | Found a one-way gate leading to the halls of Pandemonium.
 20078 | Orc:2    | Bought a glowing scimitar for 224 gold pieces
 20259 | D:12     | Noticed Maurice
 20265 | D:12     | Killed Maurice
 21409 | D:13     | Received a gift from Okawaru
 21780 | D:13     | Noticed a fire giant
 21781 | D:13     | Found the +7 sceptre of Torment {pain, torment}
 22260 | D:13     | Identified the +1 robe of Jorefyun {Str+3}
 22335 | D:13     | Reached XP level 15. HP: 122/122 MP: 22/22
 22400 | D:13     | Reached skill level 13 in Fighting
 22408 | D:13     | Reached skill level 12 in Dodging
 22724 | D:13     | Identified the +0 helmet of the Gate {rElec Dex+2}
 22751 | D:13     | Received a gift from Okawaru
 23406 | D:13     | Identified the +0 ring mail "Vapirghyll" {rF- rN+ Str+2}
 23411 | D:13     | Found a gate to the Vaults.
 23732 | D:13     | Killed a fire giant
 24240 | D:14     | Received a gift from Okawaru
 24320 | D:14     | Found Oberghicio's Magic Scroll Boutique.
 24330 | D:14     | Bought a scroll of enchant armour for 135 gold pieces
 24330 | D:14     | Bought a scroll of fear for 72 gold pieces
 24330 | D:14     | Bought a scroll of identify for 36 gold pieces
 24330 | D:14     | Bought a scroll of identify for 36 gold pieces
 24330 | D:14     | Bought a scroll of identify for 36 gold pieces
 24850 | D:15     | Entered Level 15 of the Dungeon
 25319 | D:15     | Identified the +1 leather armour of Discretion {rN+ Will++
                  | Int-3 SInv}
 25425 | D:15     | Reached skill level 14 in Fighting
 25733 | D:15     | Received a gift from Okawaru
 25896 | D:15     | Noticed a tengu reaver
 25905 | D:15     | Killed a tengu reaver
 26031 | D:15     | Found a staircase to the Depths.
 26538 | D:4      | Killed Crazy Yiuf
 26726 | Swamp:1  | Entered Level 1 of the Swamp
 26751 | Swamp:1  | Reached XP level 16. HP: 63/133 MP: 24/24
 26980 | Arena    | Entered the Arena
 27009 | Arena    | Entered the Arena
 27231 | Swamp:1  | Noticed Frances
 27235 | Swamp:1  | Received a gift from Okawaru
 27242 | Swamp:1  | Killed Frances
 28548 | Swamp:1  | Reached skill level 1 in Armour
 28869 | Swamp:1  | Acquired a recursive actuator {Gadgeteer, rF+ rC+}
 29304 | Swamp:2  | Received a gift from Okawaru
 30011 | Swamp:3  | Reached skill level 15 in Fighting
 30103 | Swamp:3  | Reached skill level 3 in Armour
 30611 | Swamp:3  | Received a gift from Okawaru
 30619 | Swamp:3  | Noticed Mlioglotl
 30635 | Swamp:2  | Killed Mlioglotl
 30636 | Swamp:2  | Reached skill level 12 in Invocations
 31085 | Swamp:3  | Found a runed translucent door.
 31086 | Swamp:3  | Noticed Zoigrime's ghost (adept FoFi)
 31246 | Swamp:3  | Killed Zoigrime's ghost
 31261 | Swamp:3  | Identified the +1 broad axe of the Hero {distort, ^Fragile
                  | Dex+3 Stlth+}
 31313 | Swamp:4  | Entered Level 4 of the Swamp
 31612 | Swamp:3  | Reached XP level 17. HP: 68/142 MP: 26/26
 31903 | Swamp:4  | Received a gift from Okawaru
 31965 | Swamp:4  | Noticed a tentacled monstrosity
 31975 | Swamp:4  | Killed a tentacled monstrosity
 32347 | Swamp:4  | Received a gift from Okawaru
 32352 | Swamp:4  | Reached skill level 16 in Fighting
 32648 | Swamp:4  | Noticed a tentacled monstrosity
 32657 | Swamp:4  | Killed a tentacled monstrosity
 32658 | Swamp:4  | Reached skill level 15 in Dodging
 32813 | Swamp:4  | Got a decaying rune of Zot
 33388 | Snake:1  | Entered Level 1 of the Snake Pit
 33942 | Snake:1  | Received a gift from Okawaru
 33956 | Snake:1  | Found Lewapen's Gadget Gallery.
 34065 | Snake:1  | Found Zosemp's Magic Scroll Shoppe.
 34068 | Snake:1  | Bought a scroll of teleportation for 51 gold pieces
 34068 | Snake:1  | Bought a scroll of enchant weapon for 127 gold pieces
 34068 | Snake:1  | Bought a scroll of brand weapon for 161 gold pieces
 34068 | Snake:1  | Bought a scroll of fear for 68 gold pieces
 34807 | Snake:2  | Reached skill level 17 in Fighting
 35284 | Snake:2  | Received a gift from Okawaru
 35515 | Snake:2  | Found Vionniq's Jewellery Shoppe.
 35824 | Snake:3  | Identified the serpent talisman of Doakked {rC- Dex+4 SInv
                  | Stlth+}
 35824 | Snake:3  | Noticed Aizul
 35832 | Snake:3  | Killed Aizul
 35838 | Snake:3  | Reached XP level 18. HP: 155/155 MP: 27/27
 36514 | Snake:3  | Found Unuhuywn's Neck Hole.
 36543 | Snake:3  | Received a gift from Okawaru
 36654 | Snake:4  | Entered Level 4 of the Snake Pit
 36661 | Snake:4  | Noticed Roxanne
 36808 | Snake:3  | Found Lepp's Tiny Tomes.
 36847 | Snake:3  | Reached skill level 18 in Fighting
 37370 | Snake:4  | Reached skill level 1 in Shapeshifting
 37464 | Snake:4  | Found a transporter.
 37464 | Snake:4  | Noticed Zonian's ghost (adept HOFi)
 37694 | Snake:4  | Killed Roxanne
 37695 | Snake:4  | Reached skill level 3 in Shapeshifting
 38005 | Snake:4  | Found a transporter.
 38071 | Snake:4  | Received a gift from Okawaru
 38323 | Snake:4  | Noticed Nikola
 38332 | Snake:4  | Killed Nikola
 38356 | Snake:4  | Reached skill level 6 in Shapeshifting
 38848 | Snake:4  | Got a serpentine rune of Zot
 38882 | Snake:4  | Received a gift from Okawaru
 39689 | Snake:4  | Killed Zonian's ghost
 39714 | Snake:4  | Identified the +1 pair of gloves of Philately {Int+2}
 39970 | Elf:1    | Entered Level 1 of the Elven Halls
 39978 | Elf:1    | Found an ancient bone altar of Kikubaaqudgha.
 40003 | Elf:1    | Reached XP level 19. HP: 145/163 MP: 28/28
 40159 | Elf:1    | Received a gift from Okawaru
 40231 | Elf:1    | Reached skill level 9 in Shapeshifting
 40549 | Elf:1    | Found Toesisetz's Antique Weapon Emporium.
 40555 | Elf:1    | Bought a scorched long sword for 323 gold pieces
 40555 | Elf:1    | Identified the +1 long sword of the First Knaves {freeze,
                  | rPois Int-4 SInv} (You bought it in a shop on level 1 of
                  | the Elven Halls)
 40697 | Elf:1    | Found Xyriq's Weapon Boutique.
 41130 | Elf:2    | Received a gift from Okawaru
 41215 | Elf:2    | Found a crumbling gateway.
 41327 | Desolati | Entered the Desolation of Salt
 41435 | Desolati | Identified the +4 ring mail "Goafueh" {Str-2 Dex+5}
 41444 | Desolati | HP: 8/163 [imperial myrmidon/+0 scimitar (20)]
 41444 | Desolati | HP: 3/163 [servant of whispers/+0 club (5)]
 41444 | Desolati | HP: 1/163 [saltling (2)]
 41803 | Desolati | Identified the amulet of Reisaepa {^Fragile Regen+ rCorr
                  | Str+5}
 41814 | Arena    | Entered the Arena
 41940 | Desolati | Received a gift from Okawaru
 41945 | Desolati | Got the Catalogue of Malediction
 42027 | Desolati | Got Sif Muna's Reference Book on Angles
 42080 | Desolati | Reached skill level 12 in Shapeshifting
 42297 | Desolati | Received a gift from Okawaru
 42349 | Desolati | Got the Anthology of the Squall and the Wendigo
 42462 | Desolati | Got the Quarto of Limned Pyromania
 42738 | Desolati | Reached XP level 20. HP: 142/170 MP: 29/29
 42888 | Desolati | Identified the +5 shortbow of Duty {freeze, rF- Will+ Str+3
                  | Int+3}
 43271 | Elf:2    | Received a gift from Okawaru
 43302 | Elf:2    | Found a runed translucent gate.
 43303 | Elf:2    | Found a runed translucent gate.
 43303 | Elf:2    | Found a runed translucent gate.
 44003 | Elf:3    | Entered Level 3 of the Elven Halls
 44118 | Elf:3    | Received a gift from Okawaru
 44223 | Elf:3    | Paralysed by an air elemental for 1 turns
 44851 | Elf:3    | Reached skill level 15 in Shapeshifting
 45149 | Elf:3    | Identified the +0 leather armour of the Chupacabra {-Cast
                  | Rampage rElec Dex+3}
 45320 | Elf:3    | Killed from afar by a deep elf annihilator

Illustrated notes

Levels and vault maps discovered:
D:1:      dpeg_arrival_triangle_fractal, layout_rooms, minmay_misc_feat_encased,
          minmay_stone_trees_medium, minmay_surrounded
D:2:      minmay_skewed_foursquare, layout_basic, minmay_tromino_mix6,
          uniq_natasha
D:3:      layout_rooms, guppyfry_early_orc_mine, uniq_sigmund
D:4:      layout_basic, nicolae_uskayaw_dance_hall,
          mainiacjoe_overflow_alcove_2, uniq_crazy_yiuf_cottage
D:5:      layout_basic, minitemple, nicolae_overflow_hidden_temple,
          lemuel_temple_firewalk_b
D:6:      layout_loops_cross, grunt_dithmenos_shadows
D:7:      layout_loops_ring, kennysheep_mini_moat, serial_rivers,
          chequers_serial_rivers_room_a, chequers_serial_rivers_micro_d,
          chequers_serial_rivers_room_a, chequers_serial_rivers_micro_e,
          chequers_serial_rivers_micro_b, chequers_serial_rivers_micro_c,
          minmay_checkerbox
D:8:      layout_loops_ring, lemuel_tele_altar, chequers_serial_rivers_large_b,
          onia_ninara_dug_in_and_dangerous, uniq_pikel
D:9:      layout_basic, dpeg_oklobed_lair
D:10:     layout_basic, nicolae_elyvilon_peaceful_grove, orc_0_dummy,
          serial_park_tiny_pond, minmay_fractal_squares_gapless_7
D:11:     layout_basic
D:12:     layout_basic, chequers_serial_rivers_micro_a, uniq_maurice
D:13:     minmay_heptahexagon, layout_irregular_city, erik_vaults_1
D:14:     layout_basic, hangedman_abyss_or_decor_stagger, serial_shops,
          nicolae_square_shop, hangedman_decor_push
D:15:     hellmonk_depths_entry_around_the_bend, layout_loops_ring,
          nicolae_kite_square_tiling_tiny, drop_trap, dreamdust_looks_like_rain
Temple:   minmay_temple_curvy_loop
Lair:1:   layout_hall_layers, serial_bayou_pond_e,
          eino_small_chamber_without_monster, lemuel_fruit_fields
Lair:2:   layout_regular_city, alex1729_snake_entry_snake
Lair:3:   layout_gridlike, swamp_mist, infiniplex_staircase_pool
Lair:4:   nzn_winding_woodlands_three_and_one
          [nzn_winding_woodlands_5x15_split_checker,
          nzn_winding_woodlands_5x15_twine, nzn_winding_woodlands_5x15_default,
          nzn_winding_woodlands_center_pierced_h], layout_regular_city,
          lemuel_centaur_altar
Swamp:1:  layout_falls_marsh, nicolae_swamp_stuck_in_the_mud, uniq_frances
Swamp:2:  layout_falls_marsh, evilmike_swamp_ruin_house_1
Swamp:3:  layout_basic_swamp, ebering_ghost_reflecting_pool,
          evilmike_swamp_ruin_wall, swamp_pool_5, st_swamp_mini, uniq_mlioglotl
Swamp:4:  swamp_vile, layout_basic_swamp, swamp_pool_1_2
Snake:1:  layout_grid_shapes, serial_shops, nicolae_shop_tiny_real_fake_doors,
          nicolae_shop_gadgets
Snake:2:  layout_layer_cave, serial_shops, nicolae_shop_tiny_real_fake_doors
Snake:3:  layout_layer_cave, grunt_ministairs_9, nicolae_snake_biting_tails,
          nicolae_shop_i_like_small_books_too,
          nicolae_shop_sticking_my_neck_out, uniq_aizul
Snake:4:  minmay_snake_end_coiled, layout_gridlike, gammafunk_ghost_arena,
          uniq_nikola, uniq_roxanne
Orc:1:    layout_diamond_mine, basic_altar, minmay_orc_temple_a, uniq_snorg
Orc:2:    pf_orc_diabolical, layout_diamond_mine, basic_altar
Elf:1:    layout_loops_cross, serial_shops, shop, basic_altar,
          hangedman_elven_crosses_minicolossus, nicolae_wooded_promenade,
          drop_trap
Elf:2:    nicolae_elf_blades_crystal_corner, layout_geoelf_octagon,
          portal_desolation_entry_nicolae_menacing_earthworks
Elf:3:    minmay_elf_hall_statues, layout_geoelf_castle, uniq_norris

Skill      XL: |  1  2  3  4  5  6  7  8  9 10 11 12 13 14 15 16 17 18 19 20 |
---------------+-------------------------------------------------------------+-----
Dodging        | 3 4 5 6 7 8 9 10 11 13 14 15 16 | 16.2
Long Blades    | 4 5 6 8 9 11 12 14 15 16 | 16.0
Fighting       | 4 5 6 7 8 9 10 11 12 14 15 17 18 | 18.0
Invocations    | 1 3 4 6 7 8 9 11 12 | 12.0
Armour         | 4 5 |  5.0
Shapeshifting  | 8 13 15 | 15.3

Action                     |  1- 3 |  4- 6 |  7- 9 | 10-12 | 13-15 | 16-18 | 19-21 || total
---------------------------+-------+-------+-------+-------+-------+-------+-------++-------
  Melee: Falchion          |    96 |   212 |   313 |   464 |       |       |       ||  1085
         Eveningstar       |       |       |   142 |    17 |       |       |       ||   159
         Scimitar          |       |       |       |   462 |   870 |  1039 |   626 ||  2997
         Demon blade       |       |       |       |    17 |   704 |  1061 |   636 ||  2418
 Invoke: Heroism           |       |       |     1 |       |       |       |       ||     1
         Finesse           |       |       |       |     1 |     5 |     4 |     2 ||    12
         Receive Weapon    |       |       |       |     1 |       |       |       ||     1
         Receive Armour    |       |       |       |     1 |       |       |       ||     1
         Duel              |       |       |       |       |       |     2 |     1 ||     3
Ability: Invent Gizmo      |       |       |       |       |       |     1 |       ||     1
  Evoke: Wand              |       |       |     6 |    18 |    17 |    10 |     2 ||    53
    Use: Scroll            |       |       |    11 |     8 |    22 |    12 |     6 ||    59
         Potion            |       |       |       |     2 |     5 |    15 |     9 ||    31
   Stab: Sleeping          |       |       |     1 |     1 |     3 |     4 |     3 ||    12
         Distracted        |       |       |       |     2 |     1 |       |     2 ||     5
         Invisible         |       |       |       |       |       |     8 |       ||     8
 Armour: Robe              |    16 |       |       |       |       |       |       ||    16
         Ring mail         |    23 |    79 |   205 |    43 |       |       |       ||   350
         Acid dragon scale |       |       |       |   268 |   481 |    64 |       ||   813
         Swamp dragon scal |       |       |       |       |       |   738 |   340 ||  1078
  Dodge: Dodged            |    64 |    83 |   207 |   369 |   670 |  1071 |   500 ||  2964

Table legend: (Time is in decaauts)
 A = Elapsed time spent in this place.
 B = Non-inter-level travel time spent in this place.
 C = Inter-level travel time spent in this place.
 D = Time resting spent in this place.
 E = Time spent auto-exploring this place.
 F = Levels seen in this place.
 G = Mean time per level.
                   A        B        C        D        E       F      G
               +--------+--------+--------+--------+--------+-----+--------+
         Total |  44811 |  40796 |   4015 |  13230 |  20800 |  37 | 1211.1 |
       Dungeon |  18863 |  17546 |   1317 |   5122 |  10022 |  15 | 1257.5 |
        Temple |     61 |      1 |     60 |      0 |      0 |   1 |   61.0 |
          Lair |   5993 |   5227 |    766 |   2021 |   2286 |   4 | 1498.2 |
         Swamp |   6574 |   6181 |    393 |   3191 |   1946 |   4 | 1643.5 |
     Snake Pit |   5657 |   5099 |    558 |    813 |   3401 |   4 | 1414.2 |
  Orcish Mines |   2625 |   2382 |    243 |    777 |   1162 |   2 | 1312.5 |
   Elven Halls |   3367 |   2693 |    674 |    823 |   1285 |   3 | 1122.3 |
    Desolation |   1605 |   1605 |      0 |    441 |    697 |   1 | 1605.0 |
         Arena |     64 |     64 |      0 |     39 |      0 |   3 |   21.3 |
               +--------+--------+--------+--------+--------+-----+--------+

Top non-repeatable levels by time:
    D:13: 2738 daAuts
    D:10: 2311 daAuts
 Swamp:1: 2275 daAuts
  Lair:2: 2126 daAuts
 Snake:4: 2123 daAuts
 Swamp:3: 1971 daAuts
  Lair:3: 1789 daAuts
   Orc:2: 1648 daAuts
Desolation: 1605 daAuts
     D:9: 1531 daAuts
 Snake:3: 1468 daAuts
  Lair:1: 1467 daAuts
 Snake:2: 1460 daAuts
     D:4: 1387 daAuts
    D:15: 1365 daAuts
